AoeStats
← Niroxs

Nomad

508940638Analyzed
4v4 RM · 7d ago on Sep 24, 2026· 20m 17s· 8 players
Game mode
Random Map
Map size
231×231
Population
200
Speed
Normal
Resources
Standard
Victory
Conquest
Starting age
Dark Age
Ending age
Imperial Age
RankedLock teamsTeams togetherTeam positionsShared explorationLock speedFull tech treeHidden civsTurbo modeCheats
Victory
Defeat
🇦🇷 Magyars · Argentina
1805
+8
🇨🇭 Celts · Switzerland
1736
+10
🇬🇧 Britons · United Kingdom
1720
+10
🇧🇷 Slavs · Brazil
1654
+13
🇹🇼 Saracens · Taiwan
1700
-14
🇧🇷 Turks · Brazil
1610
-11
🇲🇦 Sicilians · Morocco
1544
-8
🇬🇧 Inca · United Kingdom
1525
-8
Niroxs
12:27 Feudal Age
16:04 Castle Age
14:27 Double-Bit Axe
17:57 Scale Mail Armor
18:07 Forging
19:26 Chain Mail Armor
Torpedo
7:07 Loom
16:13 Feudal Age
18:20 Double-Bit Axe
19:11 Town Watch
The Entrepreneur
13:35 Feudal Age
15:00 Fishing Lines
17:24 Castle Age
15:10 Double-Bit Axe
15:33 Town Watch
18:09 Loom
18:38 Bow Saw
19:30 Gillnets
Agusjj
8:07 Loom
13:41 Feudal Age
17:46 Castle Age
15:33 Double-Bit Axe
15:28 Horse Collar
17:47 Light Cavalry
18:22 Town Watch
Samara
4:55 Loom
13:38 Feudal Age
17:47 Castle Age
16:21 Double-Bit Axe
18:51 Bow Saw
18:30 Fishing Lines
19:01 Fletching
19:48 Bodkin Arrow
mandrews27
4:06 Loom
7:29 Loom
12:34 Feudal Age
13:46 Double-Bit Axe
21:09 Castle Age
19:11 Stone Mining
19:42 Fishing Lines
Sorrateiro
4:39 Loom
14:19 Feudal Age
14:52 Town Watch
18:24 Castle Age
16:39 Double-Bit Axe
17:14 Stone Mining
[TNT] TW_RED
14:05 Feudal Age
14:35 Double-Bit Axe
15:59 Wheelbarrow
17:12 Loom
17:13 Town Watch
17:47 Forging
17:59 Fishing Lines
Connection lost

Rejoining the realm…

Still unreachable

The connection could not be restored.

Session expired

The server has moved on; the page needs a fresh start.